 Dungeon Crawl Stone Soup version 0.31-a0-1317-gdfb52cbc09 (webtiles) character file.

Game seed: 11781922665927416809

1946 senseless the Covered (level 8, -2/96 HPs)
             Began as an Armataur Berserker on Dec 20, 2023.
             Was a Believer of Trog.
             Slain by Maggie
             ... wielding a +1 broad axe of flaming
              (12 damage)
             ... on level 6 of the Dungeon.
             The game lasted 00:14:38 (4817 turns).

senseless the Covered (Armataur Berserker)          Turns: 4817, Time: 00:14:41

Health: -2/96      AC: 11    Str: 24    XL:     8   Next: 98%
Magic:  8/8        EV: 10    Int:  9    God:    Trog [**....]
Gold:   289        SH:  0    Dex:  9    Spells: 7/7 levels left

rFire   . . .        z - +2 whip (vamp)
rCold   . . .        A - orb {mayhem}
rNeg    . . .        m - +3 leather armour
rPois   .            w - +0 helmet
rElec   .            (no cloak)
rCorr   .            B - +0 pair of gloves
SInv    .            (no barding)
Will    ++...        (no amulet) Stlth
                     i - ring of wizardry
HPRegen 5.26/turn    q - +4 ring of slaying
MPRegen 2.09/turn

%: mayhem, roll, wizardry (x1)
@: berserking, strong-willed, regenerating, very quick
A: large, deformed body, tough skin 3, armoured tail, roll 2, long tongue
a: Renounce Religion, Berserk, Trog's Hand


You were on level 6 of the Dungeon.
You worshipped Trog.
Trog was pleased with you.
You visited 1 branch of the dungeon, and saw 8 of its levels.

You collected 289 gold pieces.

Inventory:

Hand Weapons
 p - a +1 whip of venom
 z - a +2 vampiric whip (weapon)
 E - a +4 spear
Armour
 b - +0 steam dragon scales
 g - a +0 troll leather armour
 m - a +3 leather armour (worn)
 w - a +0 helmet (worn)
 A - an orb of mayhem (worn)
 B - a +0 pair of gloves (worn)
 F - a +0 cloak
Jewellery
 i - a ring of wizardry (left hand)
 q - a +4 ring of slaying (right hand)
 r - a ring of ice
Talismans
 j - a beast talisman
 k - a flux talisman
Wands
 a - a wand of digging (6)
Scrolls
 d - a scroll of enchant weapon {unknown}
 f - a scroll of fear {unknown}
 n - a scroll of teleportation {unknown}
 o - a scroll of revelation {unknown}
 t - a scroll of blinking {unknown}
 u - 3 scrolls of identify {unknown}
 y - a scroll of enchant armour {unknown}
Potions
 c - 3 potions of curing {unknown}
 e - a potion of might {unknown}
 h - a potion of cancellation {unknown}
 l - 2 potions of enlightenment {unknown}
 s - a potion of brilliance {unknown}
 v - 2 potions of resistance {unknown}
 x - 2 potions of attraction {unknown}
 C - a potion of haste {unknown}
 D - a potion of lignification {unknown}


   Skills:
 + Level 6.0 Fighting
 + Level 6.0 Maces & Flails
 + Level 7.4 Armour
 + Level 4.6 Dodging


You had 7 spell levels left.
You didn't know any spells.
Your spell library contained the following spells:

 Spells                   Type           Power      Damage    Failure   Level
 Static Discharge         Conj/Air       0%         3-3/arc   26%         2
 Summon Guardian Golem    Hex/Summ       0%         N/A       45%         3
 Airstrike                Air            0%         2d(0-16)  85%         4
 Summon Lightning Spire   Summ/Air       0%         N/A       85%         4
 Orb of Destruction       Conj           0%         9d5       100%        7
 Spellforged Servitor     Conj/Summ      0%         N/A       100%        7


Dungeon Overview and Level Annotations

Branches:
Dungeon (8/15)             Temple (0/1) D:5
   Lair: D:8-11

Altars:
Fedhas
Makhleb

Annotations:
D:6 Maggie


Innate Abilities, Weirdness & Mutations

Armour fits poorly on your strangely shaped body.
You have extremely tough skin. (AC +3)
You have a long armoured tail.
You regenerate magic and health when rolling toward enemies. (Rampage Regen)
Your long tongue fully drains potion bottles. (2x potion effects)


Message History

Maggie is lightly wounded.
Maggie hits you with a +1 broad axe of flaming!!
Maggie burns you.
Maggie hits you with a +1 broad axe of flaming!
Maggie burns you.
You hit Maggie.
You feel better.
Maggie is moderately wounded.
Maggie hits you with a +1 broad axe of flaming!
Maggie burns you.
You are too injured to fight recklessly!
You are too injured to fight recklessly!
You are too injured to fight recklessly!
You are too injured to fight recklessly!
You are too injured to fight recklessly!
You are too injured to fight recklessly!
You are too injured to fight recklessly!
You are too injured to fight recklessly!
You are too injured to fight recklessly!
You are too injured to fight recklessly!
You are too injured to fight recklessly!
You are too injured to fight recklessly!
You are too injured to fight recklessly!
You are too injured to fight recklessly!
You are too injured to fight recklessly!
You are too injured to fight recklessly!
You are too injured to fight recklessly!
Your skin crawls.
You feel strong-willed.
Maggie hits you with a +1 broad axe of flaming!
* * * LOW HITPOINT WARNING * * *
Maggie burns you.
* * * LOW HITPOINT WARNING * * *
A red film seems to cover your vision as you go berserk!
You feel yourself moving faster!
You feel mighty!
Maggie hits you with a +1 broad axe of flaming!
* * * LOW HITPOINT WARNING * * *
Maggie burns you.
* * * LOW HITPOINT WARNING * * *
Maggie hits you with a +1 broad axe of flaming!
You die...

#.. #.##....#.
+..##.##..###. #
#............. #.
#...##..##...#.. ##.
# #..###.#....
####..#######.##
#.##...
........##.....#
#.#...#
......@..#.$...# #.#
#.#
.......@.......###.#
..
....................
.#
....................#
..).................#
..............!....?#
.........######.....#
........## ......#
######### ...


You could see the neutral Maggie (fast, strong, frenzied).

Vanquished Creatures
  Sigmund (D:3)
  Eustachio (D:5)
  A steam dragon (D:7)
  A water moccasin (D:7)
  A black bear (D:6)
  The ghost of nago the Sneak, an amateur DjDe (D:5)
  3 phantoms
  Blork the orc (D:5)
  The ghost of crawlacc the Magician, an amateur DEHW (D:3)
  A kobold brigand (D:6)
  A gnoll sergeant (D:6)
  A bullfrog (D:7)
  A scorpion (D:5)
  A water moccasin skeleton (D:3)
  A howler monkey (D:6)
  2 bullfrog zombies (D:3)
  4 hounds
  A centaur skeleton (D:3)
  A jelly (D:4)
  2 iguanas
  2 orc wizards (D:4)
  Robin (D:4)
  4 gnolls (D:6)
  6 adders
  A shadow imp (D:5)
  A white imp (D:5)
  A dart slug (D:1)
  12 orcs
  2 ball pythons
  4 endoplasms
  4 giant cockroaches
  14 goblins
  5 hobgoblins
  4 quokkas
  8 bats
  A frilled lizard (D:1)
  8 kobolds
  4 rats
109 creatures vanquished.

Vanquished Creatures (collateral kills)
  An orc (D:6)
1 creature vanquished.

Vanquished Creatures (others)
  A kobold (D:6)
1 creature vanquished.

Grand Total: 111 creatures vanquished

Notes
Turn   | Place    | Note
-------+----------+-------------------------------------------
     0 | D:1      | senseless the Armataur Berserker began the quest for the
                  | Orb.
     0 | D:1      | Reached XP level 1. HP: 17/17 MP: 1/1
   397 | D:1      | Reached XP level 2. HP: 23/23 MP: 2/2
  1171 | D:2      | Reached skill level 3 in Armour
  1171 | D:2      | Reached XP level 3. HP: 5/29 MP: 3/3
  1366 | D:2      | Found a faded altar of an unknown god.
  1767 | D:3      | Noticed Sigmund
  1817 | D:3      | Killed Sigmund
  1818 | D:3      | Reached skill level 4 in Armour
  1818 | D:3      | Reached XP level 4. HP: 32/37 MP: 4/4
  1818 | D:3      | Reached XP level 5. HP: 36/42 MP: 5/5
  2077 | D:3      | Reached ** piety under Trog
  2568 | D:3      | Found a runed translucent gate.
  2596 | D:3      | Found a runed translucent gate.
  2597 | D:3      | Found a runed translucent gate.
  2599 | D:3      | Noticed crawlacc's ghost (amateur DEHW)
  2780 | D:3      | Killed crawlacc's ghost
  2781 | D:3      | Reached XP level 6. HP: 48/48 MP: 6/6
  2861 | D:4      | Noticed Robin
  2877 | D:4      | Killed Robin
  2887 | D:4      | Found a blossoming altar of Fedhas.
  2912 | D:4      | Gained mutation: You regenerate magic and health when
                  | rolling toward enemies. (Rampage Regen) [Armataur growth]
  2912 | D:4      | Reached XP level 7. HP: 54/54 MP: 7/7
  2919 | D:4      | Reached skill level 5 in Armour
  2925 | D:4      | Found a burning altar of Makhleb.
  3523 | D:5      | Entered Level 5 of the Dungeon
  3605 | D:5      | Noticed a rust devil
  3795 | D:5      | Noticed Blork the orc
  3802 | D:5      | Killed Blork the orc
  3814 | D:5      | Found a staircase to the Ecumenical Temple.
  3826 | D:5      | You fall into a shaft and drop 3 floors!
  3928 | D:7      | Reached skill level 5 in Fighting
  3928 | D:7      | Reached skill level 5 in Maces & Flails
  3928 | D:7      | Reached skill level 6 in Armour
  3928 | D:7      | Reached XP level 8. HP: 17/62 MP: 8/8
  4216 | D:5      | Noticed an angel
  4236 | D:5      | Noticed Eustachio
  4261 | D:5      | Killed Eustachio
  4342 | D:5      | Found a large runed translucent door.
  4473 | D:5      | Found a large runed translucent door.
  4475 | D:5      | Noticed nago's ghost (amateur DjDe)
  4560 | D:5      | Killed nago's ghost
  4561 | D:5      | Reached skill level 7 in Armour
  4809 | D:6      | Noticed Maggie
  4817 | D:6      | Slain by Maggie

Illustrated notes

Levels and vault maps discovered:
D:1:      amcnicky_arrival_feature_with_door, layout_basic, minivault_4
D:2:      layout_basic, shapermc_ecumenical_altar_acropolis,
          nicolae_elevator_lobby_asterisk
D:3:      layout_basic, gammafunk_ghost_necromancy, uniq_sigmund
D:4:      layout_rooms, mainiacjoe_overflow_catch_the_wave, uniq_robin
D:5:      layout_loops_ring, temple_garden, ebering_ghost_disaster_area,
          uniq_eustachio, uniq_blork_the_orc
D:6:      layout_rooms, kennysheep_mini, uniq_maggie
D:7:      layout_loops_ring
D:8:      layout_cave_pools, minmay_diamond_spiral

Skill      XL: |  1  2  3  4  5  6  7  8 |
---------------+-------------------------+-----
Maces & Flails | 3 4 5 6 |  6.0
Fighting       | 3 4 5 6 |  6.0
Armour         | 3 4 6 7 |  7.4
Dodging        | 2 3 4 |  4.6

Action                     |  1- 3 |  4- 6 |  7- 9 || total
---------------------------+-------+-------+-------++-------
  Melee: Mace              |    87 |    50 |       ||   137
         Tailslap          |     7 |    10 |    21 ||    38
         Whip              |       |    53 |   167 ||   220
         Punch             |       |     2 |       ||     2
  Throw: Dart              |       |       |    12 ||    12
 Invoke: Berserk           |     3 |     2 |     4 ||     9
         Trog's Hand       |       |     1 |     2 ||     3
    Use: Potion            |     2 |       |       ||     2
         Scroll            |     1 |       |       ||     1
 Armour: Animal skin       |    17 |       |       ||    17
         Leather armour    |    36 |    88 |   125 ||   249
         Troll leather arm |    13 |       |       ||    13
  Dodge: Dodged            |    54 |    62 |    77 ||   193

Table legend: (Time is in decaauts)
 A = Elapsed time spent in this place.
 B = Non-inter-level travel time spent in this place.
 C = Inter-level travel time spent in this place.
 D = Time resting spent in this place.
 E = Time spent auto-exploring this place.
 F = Levels seen in this place.
 G = Mean time per level.
                   A        B        C        D        E       F      G
               +--------+--------+--------+--------+--------+-----+--------+
         Total |   4881 |   4681 |    200 |    165 |   3686 |   8 |  610.1 |
       Dungeon |   4881 |   4681 |    200 |    165 |   3686 |   8 |  610.1 |
               +--------+--------+--------+--------+--------+-----+--------+

Top non-repeatable levels by time:
     D:3: 1097 daAuts
     D:2: 956 daAuts
     D:1: 877 daAuts
     D:5: 742 daAuts
     D:4: 658 daAuts
     D:7: 300 daAuts
     D:6: 224 daAuts
     D:8: 23 daAuts
